[Event "*** Titled Tuesday Blitz"]
[Site "Chess.com"]
[Date "2020.11.03"]
[Round "3"]
[White "BillieKimbah"]
[Black "Legendinunknown"]
[Result "0-1"]
[WhiteElo "2852"]
[BlackElo "2668"]
[TimeControl "180+1"]
[EndTime "10:31:21 PST"]
[Termination "Legendinunknown won by resignation"]

1. d4 d5 2. c4 c6 3. Nf3 Nf6 4. g3 e6 5. Bg2 Bd6 6. Nbd2 Nbd7 7. O-O O-O 8. Qc2 b6 9. e4 dxe4 10. Ng5 Bb7 11. Ndxe4 Be7 12. Nxf6+ Nxf6 13. Rd1 h6 14.
Nf3 Qc8 15. c5 bxc5 16. dxc5 Nd5 17. a3 a5 18. b3 Bf6 19. Bb2 Ba6 20. Bxf6 Nxf6 21.
Rd6 Rd8 22. Rad1 Nd5 23. Ne5 Bb7 24. Nc4 Qc7 25. h4 Ba6 26. Rxd8+ Rxd8 27. Nd6 Qe7 28. Qd2 Qc7 29. Be4 Rb8 30. Bc2 a4 31. b4 Bb5 32. Be4 Nf6 33. Bf3 Qe7 34. Qf4 e5 35. Qe3 Qe6 36. Re1 Qa2 37. Qxe5 Qxa3 38. Nc4 Qxf3 39.
Qxb8+ Kh7 40. Ne5 Qc3 41. Re3 Qxb4 42. Nxf7 Qb1+ 43. Kh2 Ng4+ 44. Kh3 Bf1+ 45. Kxg4 Qxb8 46. Ne5 a3 47. Rxa3 Qxe5 48. Re3 Qxc5 49. h5 Bc4 50. Kh3 Bf7 51. Kg2 Qxh5 52. f3 Qd5 53. g4 Qd2+ 0-1

[Event "*** Titled Tuesday Blitz"]
[Site "Chess.com"]
[Date "2020.11.03"]
[Round "3"]
[White "IwkooO"]
[Black "LimeInTheCoconut"]
[Result "0-1"]
[WhiteElo "2638"]
[BlackElo "2429"]
[TimeControl "180+1"]
[EndTime "10:31:21 PST"]
[Termination "LimeInTheCoconut won by checkmate"]

1. e4 c6 2. d4 d5 3. e5 Bf5 4. Nd2 e6 5. Nb3 c5 6. dxc5 Bxc5 7. Nxc5 Qa5+ 8. c3 Qxc5 9. Be3 Qc7 10. f4 Ne7 11. Nf3 Nbc6 12. Be2 O-O 13. O-O Bg4 14. h3 Bxf3 15. Bxf3 d4 16. cxd4 Nf5 17. Bf2 Ncxd4 18. Be4 Rad8 19. g4 Ne7 20. Bxd4 Qc4 21. Rc1 Qxd4+ 22. Qxd4 Rxd4 23. Bxb7 Ng6 24. f5 Nxe5 25. fxe6 fxe6 26. Bc8 Nf3+ 27. Kg2 Rd2+ 28. Kg3 Nd4 29. Rcd1 Rxd1 30. Rxd1 e5 31. Bb7 Rb8 32. Bd5+ Kf8 33.
b3 Ke7 34. Bc4 Rf8 35. Re1 Rf3+ 36. Kg2 Kd6 37. Rd1 Rc3 38. Rf1 Rc2+ 39. Kg3 Rxa2 40. Rf7 g5 41. Rxh7 e4 42. Rh6+ Ke5 43. Rh8 Ne2+ 44. Kf2 Nf4+ 45. Kg3 Rg2# 0-1

[Event "*** Titled Tuesday Blitz"]
[Site "Chess.com"]
[Date "2020.11.03"]
[Round "3"]
[White "djano"]
[Black "monalize"]
[Result "1-0"]
[WhiteElo "2464"]
[BlackElo "2263"]
[TimeControl "180+1"]
[EndTime "10:31:21 PST"]
[Termination "djano won on time"]

1. d4 Nf6 2. Bf4 d6 3. Nc3 g6 4.
e4 Bg7 5. Qd2 c6 6. Bh6 Bxh6 7.
Qxh6 Qa5 8. O-O-O Be6 9. Kb1 b5 10.
d5 cxd5 11. Nxd5 Nbd7 12. f3 Rc8 13. Ne2 b4 14. Nc1 Nxd5 15. exd5 Bxd5 16. Qg7 Rf8 17. Bd3 Be6 18. Rhe1 Ne5 19. Nb3 Qc7 20. Nd4 Nxd3 21. Rxe6 fxe6 22. Qxf8+ Kxf8 23. Nxe6+ Kf7 24. Nxc7 Rxc7 25.
Rxd3 Rc5 26. a3 bxa3 27. Rxa3 a5 28. c3 h5 29. Kc2 e5 30. Kd3 Ke6 31. b4 axb4 32.
cxb4 Rd5+ 33. Kc3 Rd1 34. b5 Rc1+ 35. Kb4 Kd7 36. Ra7+ Kc8 37. b6 Rc2 38. Rg7 Rxg2 39. Kb5 Rc2 40. Rxg6 Rxh2 41. Kc6 Rc2+ 42. Kxd6 h4 43.
Kxe5 h3 44. Rh6 h2 45. Rh7 Rb2 46. b7+ Rxb7 47. Rxh2 Rb5+ 48. Ke6 Rb4 49. Rf2 Kd8 50. f4 Ke8 51. f5 Kf8 52. Ra2 Rb6+ 53. Ke5 Kf7 54.
Ra7+ Kf8 55. Kf4 Rc6 56. Kg5 Rb6 57. Rc7 Ra6 58. Rc8+ Kf7 59. Rc7+ Kf8 60. Rb7 Rc6 61. Ra7 1-0

[Event "*** Titled Tuesday Blitz"]
[Site "Chess.com"]
[Date "2020.11.03"]
[Round "3"]
[White "abykhovsky"]
[Black "Lady_Nika"]
[Result "0-1"]
[WhiteElo "2722"]
[BlackElo "2476"]
[TimeControl "180+1"]
[EndTime "10:31:22 PST"]
[Termination "Lady_Nika won by resignation"]

1. e4 e6 2. d4 d5 3. e5 c5 4. c3 Nc6 5. Nf3 Qb6 6. Be2 Bd7 7. a3 c4 8. Nbd2 f6 9. exf6 gxf6 10. O-O O-O-O 11. b3 cxb3 12. Nxb3 Bd6 13. Rb1 Qc7 14. c4 Nge7 15. c5 Bf4 16. Re1 Rhg8 17. Bf1 Bxc1 18.
Qxc1 e5 19. dxe5 fxe5 20. a4 e4 21. Nfd4 Nxd4 22. Nxd4 Rg6 23. Nb5 Bxb5 24. axb5 Nf5 25. Qa3 Nd4 26. b6 axb6 27. cxb6 Rxb6 28. Rbc1 Rc6 29.
Qa8+ Kd7 30. Qa4 Qe5 31. Rcd1 Ne6 32. Rxe4 Qh5 33. Rh4 Qf5 34. Bb5 Rf8 35. Bxc6+ bxc6 36. Qa7+ Kd6 37. Re1 Rf7 38. Qa3+ Nc5 39. Qg3+ Kd7 40. Qh3 Nd3 41. Qxf5+ Rxf5 42. Rxh7+ Kd6 43. Rf1 c5 44. Rh6+ Ke5 45. g4 Rg5 46. Rh5 Kf4 47. Rxg5 Kxg5 48.
h3 c4 49. Rd1 d4 50. Kh2 Kf4 51. Kg2 Ke4 52. h4 c3 53. h5 c2 54. Rh1 Nf4+ 55.
Kg3 d3 56. h6 Ng6 57. f3+ Ke3 58.
f4 d2 59. f5 Nh8 0-1

[Event "*** Titled Tuesday Blitz"]
[Site "Chess.com"]
[Date "2020.11.03"]
[Round "3"]
[White "canary2016"]
[Black "BJthechessgod"]
[Result "0-1"]
[WhiteElo "1946"]
[BlackElo "2301"]
[TimeControl "180+1"]
[EndTime "10:31:22 PST"]
[Termination "BJthechessgod won on time"]

1. Nf3 c5 2. g3 Nc6 3. Bg2 g6 4. O-O Bg7 5. c3 d6 6. d4 cxd4 7. cxd4 Bg4 8. e3 e5 9. dxe5 dxe5 10.
Qc2 Rc8 11. Nc3 Nf6 12. h3 Bf5 13. Qb3 O-O 14. Rd1 Qe7 15. Bd2 Rfd8 16. Be1 Na5 17. Qa4 b6 18. Rac1 Rc4 19. Qa3 Qxa3 20. Rxd8+ Qf8 21.
Rxf8+ Bxf8 22. Rd1 e4 23. Nd4 Nc6 24. Ndb5 a6 25. Nd6 Bxd6 26. Rxd6 Kg7 27. g4 Be6 28. b3 Rc5 29. Nxe4 Nxe4 30. Bxe4 Rc1 31. Kf1 Nb4 32. Rxb6 a5 33. Ke2 Nxa2 34. Rb5 a4 35. bxa4 Bc4+ 36. Bd3 Bxb5 37. Bxb5 Nc3+ 38. Bxc3+ Rxc3 39.
Kf3 Ra3 40. Ke4 Kf6 41. f4 Ke6 42. Kd4 Kd6 43. h4 f5 44. gxf5 gxf5 45. e4 fxe4 46. Kxe4 Rh3 47. a5 Rxh4 48. a6 Rh2 49. Bd3 Ra2 50.
Kf5 Ra5+ 51. Kg4 h5+ 52. Kh4 Ke6 53. f5+ Kf6 54. Kxh5 Ra3 55. Kg4 Rxd3 56. a7 Ra3 57.
Kf4 Rxa7 58. Ke4 Ra4+ 59. Kf3 Kxf5 60. Ke3 Rf4 61. Ke2 Ke4 62. Kd2 Rf2+ 0-1

[Event "*** Titled Tuesday Blitz"]
[Site "Chess.com"]
[Date "2020.11.03"]
[Round "3"]
[White "BAS8892"]
[Black "Sebastian"]
[Result "1-0"]
[WhiteElo "2696"]
[BlackElo "2883"]
[TimeControl "180+1"]
[EndTime "10:31:23 PST"]
[Termination "BAS8892 won by checkmate"]

1. d4 Nf6 2. Bf4 d5 3. e3 e6 4. Nf3 Bd6 5. Bg3 O-O 6. Nbd2 c5 7. c3 Qc7 8. dxc5 Qxc5 9. Bd3 Nbd7 10. Qe2 Rd8 11.
e4 dxe4 12. Nxe4 Nxe4 13. Bxe4 Bxg3 14. hxg3 Nf6 15. Bd3 h6 16. Ne5 b6 17. O-O-O Bb7 18. f3 Rd5 19. Rhe1 Rad8 20. g4 b5 21. Kb1 a6 22. a3 Qd6 23. Bc2 Qc7 24. Rxd5 Rxd5 25. g3 Qd6 26. Rd1 Rxd1+ 27. Bxd1 Qc5 28. Qe1 Bd5 29.
Bc2 Qc7 30. f4 Nd7 31. Nxd7 Qxd7 32. Qe3 Qc7 33. Kc1 Qc4 34. Bd3 Qc7 35. Kd2 Bc4 36.
Be4 a5 37. Qd4 g6 38. Ke3 a4 39. Qe5 Qb6+ 40. Qd4 Qc7 41. Kf2 Qb8 42. Qc5 Qd8 43.
Qd4 Qc7 44. f5 e5 45. Qe3 g5 46. Ke1 Qd6 47. Qd2 Qb6 48. Qf2 Qc7 49. Qe3 Kg7 50.
Qf2 Qd6 51. Qa7 Bb3 52. Qe3 Qd1+ 53. Kf2 Bc4 54. Bg2 Qxg4 55. Qxe5+ Kg8 56. f6 Qd1 57. Qe8+ Kh7 58. Be4# 1-0

[Event "*** Titled Tuesday Blitz"]
[Site "Chess.com"]
[Date "2020.11.03"]
[Round "3"]
[White "Keures"]
[Black "talman67"]
[Result "0-1"]
[WhiteElo "2312"]
[BlackElo "2538"]
[TimeControl "180+1"]
[EndTime "10:31:23 PST"]
[Termination "talman67 won by resignation"]

1. d4 Nf6 2. c4 e6 3. Nc3 Bb4 4. Qc2 O-O 5. a3 Bxc3+ 6. Qxc3 d5 7. Bg5 c5 8. cxd5 cxd4 9. Qxd4 Qxd5 10. Bxf6 gxf6 11.
Qxd5 exd5 12. e3 Nc6 13. Rd1 Rd8 14. Ne2 Bg4 15. f3 Be6 16. Nd4 Nxd4 17. Rxd4 Rac8 18.
Kd2 Rc5 19. b4 Rc7 20. Bd3 Rdc8 21. e4 dxe4 22. Bxe4 b6 23. g4 Kg7 24. h4 Rc3 25.
Rd3 Rc2+ 26. Ke3 Ra2 27. Rhd1 Rcc2 28. f4 Bxg4 29. Rg1 Re2+ 30. Kd4 h5 31. Bf5 Rg2 32. Rg3 Rxg1 33. Rxg1 Rxa3 34. Bxg4 hxg4 35. Rxg4+ Kh6 36. Rg8 Rf3 37. Ke4 Rb3 38. Ra8 Rxb4+ 39. Kf5 a5 40. Kxf6 Rxf4+ 41. Ke5 Rxh4 42. Rb8 Rb4 43. Kf6 Rf4+ 44.
Ke5 Rf1 45. Rxb6+ Kg7 46. Ra6 Ra1 47. Kf5 a4 48. Ke4 a3 49. Kd3 a2 50. Kc2 Rh1 51.
Rxa2 Rh2+ 52. Kb1 Rxa2 53. Kxa2 Kg6 54. Kb2 Kg5 55. Kc2 Kg4 56. Kd2 Kf3 57. Ke1 f5 58.
Kf1 f4 59. Kg1 Ke2 0-1

[Event "*** Titled Tuesday Blitz"]
[Site "Chess.com"]
[Date "2020.11.03"]
[Round "3"]
[White "lelajavakhishvili"]
[Black "Sueetin"]
[Result "1-0"]
[WhiteElo "2538"]
[BlackElo "2310"]
[TimeControl "180+1"]
[EndTime "10:31:24 PST"]
[Termination "lelajavakhishvili won by resignation"]

1. d4 Nf6 2. c4 e6 3. Nf3 d5 4.
Nc3 Bb4 5. Bg5 Nbd7 6. Qa4 c5 7.
dxc5 Bxc3+ 8. bxc3 O-O 9. cxd5 exd5 10. Qd4 Qa5 11. Nd2 Re8 12. e3 Ne4 13. h4 Nxd2 14. Qxd2 Nxc5 15. Bd3 Nb3 16. Bxh7+ Kh8 17. Qb2 Nxa1 18.
Bb1 d4 19. Qxa1 Bf5 20. Bxf5 Qxf5 21. cxd4 Qd3 22. Qd1 Qc3+ 23. Qd2 Qa1+ 24. Qd1 Qc3+ 25. Qd2 Rac8 26. Qxc3 Rxc3 27. Ke2 f6 28. Bf4 Rec8 29. Kf3 Ra3 30. Rb1 b6 31. Rb2 Rac3 32. d5 Kg8 33. d6 Kf7 34. g4 Rd8 35. h5 Ke6 36. a4 Rc4 37. a5 bxa5 38. Rb5 Rxd6 39. Bxd6 Kxd6 40. Rxa5 Rc7 41. Kf4 Ke6 42. e4 Kf7 43.
f3 Ke6 44. Ra6+ Kf7 45. Kf5 Rb7 46. f4 Rb5+ 47. e5 fxe5 48. Rxa7+ Rb7 49. Rxb7+ 1-0

[Event "*** Titled Tuesday Blitz"]
[Site "Chess.com"]
[Date "2020.11.03"]
[Round "3"]
[White "vanea_03"]
[Black "ChessWarrior7197"]
[Result "0-1"]
[WhiteElo "2724"]
[BlackElo "3000"]
[TimeControl "180+1"]
[EndTime "10:31:26 PST"]
[Termination "ChessWarrior7197 won by resignation"]

1. d4 d5 2. c4 e6 3. Nc3 c5 4. cxd5 exd5 5. dxc5 d4 6. Na4 Nc6 7.
Nf3 Bxc5 8. Nxc5 Qa5+ 9. Bd2 Qxc5 10. e3 Nf6 11. Rc1 Qb6 12. Bc4 O-O 13. O-O Bg4 14. Qb3 Ne4 15. Be1 dxe3 16. Qxb6 axb6 17. fxe3 Rfc8 18. Bb3 Be6 19. Bxe6 fxe6 20. a3 b5 21. Bc3 Rd8 22. Bd4 Rd5 23. Rfe1 Rad8 24. Bb6 R8d7 25.
Rc2 Rd1 26. Kf1 e5 27. Ke2 R1d5 28. Rec1 Kf7 29. Bc5 Ke6 30. Bb4 h6 31. Be1 g5 32.
g4 h5 33. h3 hxg4 34. hxg4 Rh7 35. Bb4 Rdd7 36. Rxc6+ bxc6 37. Rxc6+ Kd5 38. Rb6 Rb7 39.
Rg6 Rbf7 40. Nxg5 Rh2+ 41. Kd3 Nf2+ 42. Kc2 Nxg4+ 43. Kb3 Rf6 44. e4+ Kc6 45. Rg7 Rff2 46. Bc3 Ne3 47. Nf7 Nd1 48. Nxe5+ Kd6 49. Rg6+ Kc7 50.
Ng4 Rxb2+ 0-1

[Event "*** Titled Tuesday Blitz"]
[Site "Chess.com"]
[Date "2020.11.03"]
[Round "3"]
[White "Lysiak_Poltorak"]
[Black "hungrycaterpillar4"]
[Result "0-1"]
[WhiteElo "2356"]
[BlackElo "2568"]
[TimeControl "180+1"]
[EndTime "10:31:26 PST"]
[Termination "hungrycaterpillar4 won by resignation"]

1. d4 d5 2. c3 Nf6 3. Nf3 Bf5 4. Bf4 e6 5. e3 h6 6. Bd3 Bxd3 7. Qxd3 Nbd7 8.
O-O c5 9. Nbd2 Qb6 10. e4 cxd4 11. cxd4 dxe4 12. Nxe4 Nxe4 13. Qxe4 Nf6 14. Qc2 Bd6 15. Qa4+ Ke7 16. Bxd6+ Qxd6 17. Qb5 Qb6 18. Qe2 Nd5 19. Rfe1 Rac8 20. Ne5 Rhd8 21. Qh5 Rf8 22. Ng6+ fxg6 23. Qxd5 Rc2 24. Qe5 Rfxf2 25. Qxg7+ Kd6 26. Kh1 Qc6 27. d5 Qxd5 28. Rad1 Rcd2 29. Rxd2 Rxd2 30. Qf8+ Kc6 31. Rc1+ Kb5 32. Qf1+ Qd3 33. Qg1 b6 34. Qe1 Qe2 35. Qg1 e5 36. b3 e4 37. Re1 Qf2 38. Rxe4 Qxg1+ 39. Kxg1 Rxa2 40. Re6 Rb2 41. Rxg6 Rxb3 42. Rxh6 a5 43. g4 a4 44. Rh8 Rb4 45. h3 a3 46. Ra8 Ra4 47. Rc8 a2 48. Rc1 Rb4 49.
Kg2 Rb1 0-1

[Event "*** Titled Tuesday Blitz"]
[Site "Chess.com"]
[Date "2020.11.03"]
[Round "3"]
[White "olksuna"]
[Black "Chessalary"]
[Result "0-1"]
[WhiteElo "2605"]
[BlackElo "2410"]
[TimeControl "180+1"]
[EndTime "10:31:27 PST"]
[Termination "Chessalary won by resignation"]

1. e4 c6 2. Ne2 d5 3. e5 Bg4 4. h3 Bxe2 5. Bxe2 e6 6. d4 Nd7 7.
O-O Ne7 8. c3 c5 9. Bd3 Nc6 10.
Be3 Qc7 11. Nd2 Be7 12. f4 Qb6 13. f5 cxd4 14. cxd4 Ncxe5 15. fxe6 fxe6 16. Bc2 Nc6 17. Qh5+ Kd8 18. Qg4 Qxb2 19. Bb3 Bf6 20. Nf3 Re8 21. Kh1 Rc8 22. Rac1 Qe2 23. Rfe1 Qd3 24. Ng5 Qf5 25.
Qg3 Ke7 26. Rf1 Qd3 27. Nxh7 Qxh7 28. Bf4 Nxd4 29. Bd6+ Kf7 30. Rce1 Rc6 31. Ba3 Nf5 32. Qh2 Qg6 33. Rf3 Nh4 34. Rf2 Kg8 35. Ref1 Be5 36. Qg1 Nf5 37. Rxf5 exf5 38. Bxd5+ Kh7 39. Bxc6 bxc6 40.
Qf2 Nf6 41. Qxf5 Ne4 42. Qxg6+ Kxg6 43. Re1 Ng3+ 44. Kg1 Bd4+ 45. Kh2 Rxe1 46. Kxg3 Re3+ 0-1

[Event "*** Titled Tuesday Blitz"]
[Site "Chess.com"]
[Date "2020.11.03"]
[Round "3"]
[White "MokshanovAlexey"]
[Black "tteshan"]
[Result "1-0"]
[WhiteElo "2583"]
[BlackElo "2367"]
[TimeControl "180+1"]
[EndTime "10:31:28 PST"]
[Termination "MokshanovAlexey won by resignation"]

1. e4 c5 2. Nf3 e6 3. c3 d5 4.
exd5 Qxd5 5. Be2 Nf6 6. Na3 Be7 7. d4 O-O 8. Nb5 Qd8 9. dxc5 Nbd7 10. c6 bxc6 11. Nd6 Nc5 12. Nxc8 Rxc8 13. Qc2 Qc7 14.
O-O Rfd8 15. Be3 Rd7 16. h3 Rcd8 17. Rfd1 g6 18. Rxd7 Rxd7 19. Rd1 Rxd1+ 20. Qxd1 Nce4 21. Qa4 Bc5 22. Bxc5 Nxc5 23. Qc4 Nce4 24. Nd4 Qf4 25. Bf3 Qc1+ 26. Kh2 Nxf2 27. Qe2 N2e4 28. Bxe4 Qf4+ 29. g3 Qxe4 30. Qxe4 Nxe4 31. Nxc6 a6 32. Kg2 Kf8 33. Kf3 Nc5 34. Ke3 Na4 35. b4 Nxc3 36.
a3 Nd5+ 37. Kd4 Ke8 38. Kc5 Kd7 39. Ne5+ Ke7 40. Nc6+ Ke8 41. Nb8 Nc7 42. Kb6 Kd8 43. Nxa6 Nxa6 44. Kxa6 e5 45. b5 e4 46. b6 e3 47. b7 Kc7 48. Ka7 e2 49. b8=Q+ Kd7 50. Qb1 f5 51. Qe1 Kd6 52. Qxe2 1-0

[Event "*** Titled Tuesday Blitz"]
[Site "Chess.com"]
[Date "2020.11.03"]
[Round "3"]
[White "IMJonathanCarlstedt"]
[Black "ShimanovAlex"]
[Result "1/2-1/2"]
[WhiteElo "2528"]
[BlackElo "2806"]
[TimeControl "180+1"]
[EndTime "10:31:29 PST"]
[Termination "Game drawn by repetition"]

1. d4 Nf6 2. Bf4 g6 3. Nc3 d5 4. e3 Bg7 5. Nb5 Na6 6. a3 c6 7. Nc3 Nc7 8. h4 h5 9. Nf3 Bg4 10. Be2 Bxf3 11. Bxf3 Nd7 12. e4 dxe4 13. Nxe4 Nd5 14.
Bg5 N7f6 15. Nxf6+ Bxf6 16. c4 Nb6 17. Bxf6 exf6 18.
O-O O-O 19. b3 f5 20. g3 f4 21. Qd2 fxg3 22. fxg3 Qc7 23. Kg2 Rfe8 24. Rae1 Rxe1 25. Rxe1 Qd8 26. Qf4 Kg7 27. a4 Qf6 28. a5 Nd7 29. a6 Rb8 30. Qxf6+ Nxf6 31. Re3 bxa6 32. Bxc6 Ng4 33.
Rd3 Rd8 34. Bf3 Ne5 35. Rd1 Nd7 36. c5 a5 37. c6 Nb6 38. d5 Nc8 39. Ra1 Kf6 40.
Rxa5 Ke5 41. Rb5 Nd6 42. Ra5 Rb8 43. Rxa7 Rxb3 44. Re7+ Kf6 45. Rd7 Ke5 46. c7 Rb2+ 47. Kf1 Rc2 48. Be2 Rc1+ 49. Kf2 Ne4+ 50. Kg2 Rc2 51. Kg1 Rc1+ 52. Kg2 Rc2 53. Kf3 Rc3+ 54.
Kg2 Rc2 1/2-1/2

[Event "*** Titled Tuesday Blitz"]
[Site "Chess.com"]
[Date "2020.11.03"]
[Round "3"]
[White "geordie_derraugh"]
[Black "Ashedu66"]
[Result "0-1"]
[WhiteElo "2425"]
[BlackElo "2237"]
[TimeControl "180+1"]
[EndTime "10:31:29 PST"]
[Termination "Ashedu66 won by resignation"]

1. e4 e5 2. Nf3 Nc6 3. Bc4 Bc5 4. c3 Qe7 5. d3 Nf6 6. O-O a6 7. Bb3 Ba7 8. Nbd2 d6 9. Nc4 Be6 10. Bg5 h6 11. Bh4 g5 12. Bg3 O-O-O 13. Re1 Rdg8 14. d4 Bxc4 15. Bxc4 h5 16. dxe5 dxe5 17. h4 gxh4 18. Bxh4 Rg4 19. g3 Rhg8 20. Kf1 Qc5 21. Qe2 Rxe4 22.
Bxf7 Rxe2 23. Rxe2 Rf8 24. Ng5 Qe7 25. Bb3 Ng4 26.
Ne4 Qg7 27. Rd1 Ne3+ 28. Rxe3 Bxe3 29. Kg2 Bb6 30. Rd3 Kb8 31. a4 a5 32. Bd1 Rf4 33. Ng5 Rxh4 34. gxh4 e4 35. Rg3 Qe5 36. Bxh5 e3 37.
fxe3 Bxe3 38. Nf3 Qd5 39. Bg6 Bf4 40. Rg4 Bd6 41. Be4 Qd1 42. Bxc6 Qe2+ 43. Kg1 bxc6 44. Rg8+ Kb7 45. Nd4 Qxb2 46. Rg5 Qxc3 47. Nf5 Qc1+ 48. Kg2 Be5 49. Kf3 Qc3+ 50. Ne3 Bd4 51. Kg4 Qxe3 52.
Rxa5 Qe2+ 53. Kg5 c5 54. Rb5+ Qxb5 55. axb5 c4 56. Kf4 c3 57. Kf3 Bh8 0-1

[Event "*** Titled Tuesday Blitz"]
[Site "Chess.com"]
[Date "2020.11.03"]
[Round "3"]
[White "VinzentSpitzl"]
[Black "Beltraxtor"]
[Result "1/2-1/2"]
[WhiteElo "2333"]
[BlackElo "2537"]
[TimeControl "180+1"]
[EndTime "10:31:31 PST"]
[Termination "Game drawn by agreement"]

1. e4 c5 2. Nf3 e6 3. g3 Nc6 4.
Bg2 Nf6 5. Qe2 d5 6. exd5 Nxd5 7.
O-O Be7 8. Rd1 Bf6 9. c3 O-O 10. d4 cxd4 11. cxd4 Qb6 12. Nc3 Nxd4 13. Nxd4 Bxd4 14.
Nxd5 exd5 15. Bxd5 Bf5 16. Be3 Qxb2 17. Qf3 Bxe3 18. Qxf5 Bb6 19. Rab1 Qa3 20. Bxb7 Rae8 21. Be4 g6 22. Qf3 Qxf3 23. Bxf3 Rc8 24. Rbc1 Kg7 25.
Kf1 Rfd8 26. Ke2 Re8+ 27. Kf1 Red8 28. Rxc8 Rxc8 29. Rd2 Rc1+ 30. Ke2 Ra1 31. h4 Kf6 32. Bd5 Ke7 33. Bb3 h6 34. Rd3 f5 35. h5 gxh5 36.
Rd5 Kf6 37. Rd6+ Kg5 38. Bf7 Kg4 39. Rg6+ Kh3 40. Rxh6 Kg2 41. Rxh5 Bxf2 42. Bd5+ Kxg3 43. Rxf5 Bb6 44. Rf3+ Kg4 45. Rf1 Rxf1 46. Kxf1 Kf4 47. Ke2 Ke5 48. Bb3 Kd4 49. Kd2 Kc5 50. Kc2 Kb4 51. a4 Bc5 52. Kb2 a5 53. Ka2 1/2-1/2

[Event "*** Titled Tuesday Blitz"]
[Site "Chess.com"]
[Date "2020.11.03"]
[Round "3"]
[White "PIwan"]
[Black "KetiGrant"]
[Result "1-0"]
[WhiteElo "2528"]
[BlackElo "2301"]
[TimeControl "180+1"]
[EndTime "10:31:31 PST"]
[Termination "PIwan won on time"]

1. c4 g6 2. d4 Bg7 3. e4 d6 4. Nc3 Nd7 5. Bg5 h6 6. Be3 e5 7. d5 Ne7 8. h4 h5 9. Bd3 O-O 10. Nf3 f5 11. Ng5 Nf6 12. Qe2 f4 13.
Bd2 Bg4 14. f3 Bd7 15. O-O-O a6 16. Kb1 Qe8 17. Ka1 c6 18. b4 b5 19. c5 dxc5 20. d6 Nc8 21. bxc5 a5 22. Rb1 a4 23. a3 Kh8 24. Na2 Be6 25. Nb4 Bb3 26. Rhc1 Na7 27. Bc3 Nd7 28. Bb2 Qd8 29. Qf2 Bf6 30. Bc2 Bg8 31. Na6 Nc8 32. Nc7 Bxg5 33. hxg5 Ra7 34.
Bc3 Qxg5 35. Bb4 Qf6 36. Qd2 Qf7 37. Bd1 Rd8 38. Rb2 Nf8 39. Qc3 Ne6 40. Qxe5+ Kh7 41. Nxe6 Qxe6 42. Qxe6 Bxe6 43. Bd2 g5 44. Be2 Rad7 45.
Bc3 Na7 46. Bf6 Rg8 47. Rh1 Kg6 48. Be5 Re8 49. Bd3 Bb3 50. Bc3 Kh6 51. e5 1-0

[Event "*** Titled Tuesday Blitz"]
[Site "Chess.com"]
[Date "2020.11.03"]
[Round "3"]
[White "jacky72"]
[Black "penguingm1"]
[Result "0-1"]
[WhiteElo "2525"]
[BlackElo "2817"]
[TimeControl "180+1"]
[EndTime "10:31:33 PST"]
[Termination "penguingm1 won by checkmate"]

1. d4 d5 2. c4 e6 3. Nc3 Nf6 4. cxd5 exd5 5. Bg5 Be7 6. Qc2 c6 7. e3 Nbd7 8. Bd3 Nf8 9. Nf3 Ne6 10. Bh4 g6 11. h3 O-O 12. O-O Ng7 13. Bg3 Bf5 14.
Rab1 a5 15. a3 Re8 16. Bh2 Bd6 17. Ne5 Qe7 18. Rfe1 Nd7 19. Nxd7 Bxh2+ 20. Kxh2 Qxd7 21. Bxf5 Nxf5 22. Kg1 Re7 23. Na4 Rae8 24. Qc5 Qd8 25. Nb6 Re4 26. Qxa5 Qg5 27. Qd2 Nh4 28. f4 Nf3+ 29. Kf2 Nxd2 30. fxg5 Nxb1 31. Rxb1 Rxe3 32. Nd7 Kg7 33. Ne5 Re4 34. Rd1 c5 35. Nf3 Re2+ 36. Kg3 c4 37. Rb1 Rc2 38. Ne5 Rd2 39. Nf3 Rd3 40. Kf2 Re4 41. Rc1 Rb3 42. Rc2 Re6 43. Ne5 Reb6 44. Kg1 Rxb2 45. Rc3 R6b3 46. Rc1 Rb1 47.
Rxb1 Rxb1+ 48. Kf2 c3 49. Nd3 c2 50. Ke3 Rd1 51. Nc1 h6 52. gxh6+ Kxh6 53. Nb3 f5 54. a4 Kg5 55. g3 Kh5 56. a5 g5 57. Ke2 f4 58. g4+ Kh4 59. Kf2 Kxh3 60. a6 bxa6 61. Ke2 Kxg4 62. Kf2 f3 63. Ke3 Kg3 64. Nd2 c1=Q 65. Kd3 f2 66. Ke3 a5 67. Kd3 a4 68.
Ke3 a3 69. Kd3 a2 70. Ke3 a1=Q 71. Ke2 g4 72. Nf1+ Rxf1 73. Kd3 Rd1+ 74. Ke2 f1=B# 0-1

[Event "*** Titled Tuesday Blitz"]
[Site "Chess.com"]
[Date "2020.11.03"]
[Round "3"]
[White "Bacyanide"]
[Black "Eloist"]
[Result "0-1"]
[WhiteElo "2414"]
[BlackElo "2249"]
[TimeControl "180+1"]
[EndTime "10:31:33 PST"]
[Termination "Eloist won on time"]

1. d4 e6 2. c4 Nf6 3. Nc3 Bb4 4. e3 O-O 5. Bd2 b6 6. Nf3 Bb7 7. Bd3 Bxc3 8. Bxc3 Ne4 9. Qc2 f5 10. O-O-O c5 11. d5 exd5 12. cxd5 Bxd5 13. Ne5 Qe7 14. Bxe4 Bxe4 15. Qb3+ Qe6 16. Qxe6+ dxe6 17. Rd6 Bd5 18. f3 Na6 19. Rd7 Rfd8 20. Re7 Re8 21. Rd7 Nb4 22. Bxb4 cxb4 23. Kb1 Rec8 24. b3 Rc3 25. Re1 a5 26. e4 fxe4 27. fxe4 Bc6 28. Rc7 Be8 29. Rxc3 bxc3 30. Kc2 Rc8 31. Re3 Rc5 32. Nd3 Rg5 33.
Nf4 e5 34. Nd5 Rxg2+ 35. Kxc3 b5 36. Rf3 Bf7 37. a4 b4+ 38. Kc4 Re2 39. Kb5 Rxe4 40. Ne7+ Kf8 41. Nf5 Rf4 42. Rxf4 exf4 43. Kxa5 g6 44.
Nd4 Bd5 45. Kxb4 f3 46. Nc2 f2 47. Ne3 Bg2 48. Kc5 f1=Q 49. Nxf1 Bxf1 50. b4 g5 51. b5 g4 52. a5 h5 53. a6 h4 54. a7 Bg2 0-1

[Event "*** Titled Tuesday Blitz"]
[Site "Chess.com"]
[Date "2020.11.03"]
[Round "3"]
[White "Bigfish1995"]
[Black "wannabe2700"]
[Result "1-0"]
[WhiteElo "3010"]
[BlackElo "2740"]
[TimeControl "180+1"]
[EndTime "10:31:35 PST"]
[Termination "Bigfish1995 won on time"]

1. d4 f5 2. c4 Nf6 3. h4 d6 4. Nf3 Nc6 5. d5 Ne5 6. h5 Nxf3+ 7. exf3 e5 8. Bd3 c6 9. Nc3 cxd5 10. Bg5 d4 11.
Bxf6 Qxf6 12. Nd5 Qf7 13. Qa4+ Bd7 14. Qa5 Rc8 15. Nc7+ Ke7 16. Nd5+ Ke8 17. Qxa7 Bc6 18. Qa5 Be7 19. Kf1 Rf8 20. Re1 Bd8 21. Qb4 Bxd5 22.
cxd5 Qc7 23. Qxd4 Qc5 24. Qa4+ Ke7 25. Qb3 Bb6 26. Re3 Qd4 27. g3 Kd8 28. Rh4 f4 29. gxf4 exf4 30. Re2 Rc1+ 31. Kg2 Re8 32. Rxf4 Qc5 33.
Rxe8+ Kxe8 34. Qb5+ Ke7 35. Qxc5 Bxc5 36. Bxh7 Rd1 37.
Bg6 Rd2 38. Rf7+ Kd8 39. Rxb7 Rxd5 40. f4 Bd4 41. b4 Bf6 42. a4 Kc8 43. Ra7 Rd4 44.
b5 Kb8 45. b6 Rxf4 46. f3 Rb4 47. a5 d5 48. Bf7 Rb5 49. Bg6 Bc3 50. Rd7 Rxa5 51.
Rd8+ Kb7 52. Rd6 Rb5 53. Bf7 1-0

[Event "*** Titled Tuesday Blitz"]
[Site "Chess.com"]
[Date "2020.11.03"]
[Round "3"]
[White "NiranjanNavalgund"]
[Black "Gabrielian_Artur"]
[Result "0-1"]
[WhiteElo "2453"]
[BlackElo "2789"]
[TimeControl "180+1"]
[EndTime "10:31:35 PST"]
[Termination "Gabrielian_Artur won by resignation"]

1. d4 Nf6 2. Nf3 g6 3. Bg5 Bg7 4. Nbd2 d5 5. e3 O-O 6. Be2 c5 7. O-O b6 8. c3 Bb7 9. a4 Nc6 10. Ne5 Nxe5 11. dxe5 Nd7 12. f4 f6 13. exf6 exf6 14. Bh4 Qe8 15. Bf2 a6 16. Qb3 c4 17.
Qc2 Nc5 18. b4 cxb3 19. Nxb3 Ne4 20. Bd3 Rc8 21. Be1 f5 22. Nd4 Nxc3 23. Bxc3 Qxe3+ 24. Kh1 Bxd4 25. Bxd4 Qxd4 26. Qd1 Rfe8 27. Rb1 Rc3 28. Be2 Qxd1 29. Bxd1 b5 30. axb5 axb5 31. Bf3 Rc5 32. Rfd1 Kf7 33. h3 h5 34. Rd4 Rd8 35.
Rdb4 Bc6 36. Be2 Rb8 37. Bf3 Ke7 38. R4b2 Kd6 39. Re1 Re8 40. Rd1 h4 41. Kh2 Re3 42. Kg1 Rec3 43. Kh2 Rc2 44. Rb4 R2c4 45. Rb3 Rxf4 46.
Re3 g5 47. Rde1 g4 48. Re6+ Kc7 49. hxg4 fxg4 50. Bd1 g3+ 51. Kg1 Rc1 52. Re7+ Kb6 53. R7e6 Rd4 54. Bf3 Rxe1+ 55. Rxe1 b4 56. Rb1 Kc5 57.
Kf1 Bb5+ 58. Ke1 Bc4 59. Ra1 b3 60. Ra8 Kb4 61. Rb8+ Kc3 62. Bd1 Re4+ 0-1

[Event "*** Titled Tuesday Blitz"]
[Site "Chess.com"]
[Date "2020.11.03"]
[Round "3"]
[White "Smile2005"]
[Black "Goryachkina"]
[Result "1-0"]
[WhiteElo "2288"]
[BlackElo "2599"]
[TimeControl "180+1"]
[EndTime "10:31:35 PST"]
[Termination "Smile2005 won by resignation"]

1. Nf3 d5 2. g3 Nc6 3. Bg2 e5 4. O-O Be6 5. d3 Qd7 6. Nbd2 f6 7. c4 d4 8. a3 a5 9. b3 h5 10.
Ne4 Bh3 11. e3 Bxg2 12. Kxg2 h4 13. exd4 Nxd4 14. Nxd4 hxg3 15. Nf3 Qh3+ 16. Kg1 gxh2+ 17. Kh1 O-O-O 18. Ng3 g5 19. Qe2 Ne7 20. b4 g4 21.
Nd2 Bh6 22. Nde4 Bf4 23. Nxf6 Bxg3 24. fxg3 Kb8 25. Qg2 Rxd3 26. Ne4 Qxg2+ 27. Kxg2 Nf5 28. Bg5 Nd4 29. Rad1 Rxd1 30. Rxd1 axb4 31. axb4 Rh5 32. Rh1 Nf3 33. Be3 Rh8 34. Nf6 Rd8 35. Nxg4 e4 36. Nxh2 Rd3 37. Nxf3 Rxe3 38. Ne5 Re2+ 39. Kf1 Rb2 40. b5 Rb1+ 41. Kg2 Rb2+ 42. Kh3 e3 43. Re1 e2 44. Kg4 c6 45. bxc6 bxc6 46. Nxc6+ Kc7 47. Ne5 Kd6 48. Nd3 Rd2 49. Nf4 Rd4 50. Rxe2 Rxc4 51. Rd2+ Ke7 52. Kf3 1-0